 Dungeon Crawl Stone Soup version 0.26.1-2-gb8aa6d0cf2 (webtiles) character file.

Game seed: 5237203280101649769

298 Qrupt the Conjurer (level 6, -6/54 HPs)
             Began as an Octopode Conjurer on Feb 21, 2021.
             Killed by nerve-wracking pain
             ... invoked by an orc priest
              (10 damage)
             ... on level 4 of the Dungeon.
             The game lasted 00:07:49 (3980 turns).

Qrupt the Conjurer (Octopode Conjurer)              Turns: 3980, Time: 00:07:50

Health: -6/54      AC:  1    Str:  6    XL:     6   Next: 35%
Magic:  3/11       EV: 13    Int: 22    God:
Gold:   101        SH:  6    Dex: 11    Spells: 9/12 levels left

rFire    . . .     SeeInvis .   b - +0 short sword
rCold    . . .     Faith    .   g - +2 buckler
rNeg     . . .     Spirit   .   (helmet restricted)
rPois    .         Reflect  .   (no amulet)
rElec    .         Harm     .   (no ring)
rCorr    .         Rampage  .   (no ring)
Will     .....                  (no ring)
Stlth    ..........             (no ring)
HPRegen  0.18/turn              (no ring)
MPRegen  0.12/turn              (no ring)
                                (no ring)
                                (no ring)

@: berserking, very quick
A: almost no armour, stealthy swim, amphibious, 8 rings, constrict 8, camouflage
1, gelatinous body 1
a: no special abilities


You were on level 4 of the Dungeon.
You visited 1 branch of the dungeon, and saw 4 of its levels.

You collected 101 gold pieces.

Inventory:

Hand Weapons
 b - a +0 short sword (weapon)
Armour
 g - a +2 buckler (worn)
Jewellery
 p - an uncursed ring of willpower {unknown}
Wands
 m - a wand of acid (2)
Scrolls
 a - a scroll of blinking {unknown}
 c - 2 scrolls of identify
 d - a scroll of random uselessness
 e - 2 scrolls of teleportation {unknown}
 i - a scroll of noise {unknown}
 k - 4 scrolls of remove curse {unknown}
Potions
 f - 2 potions of curing
 l - a potion of degeneration {unknown}
 n - a potion of haste {unknown}
 o - a potion of might {unknown}
 q - a potion of attraction {unknown}
 r - a potion of heal wounds {unknown}


   Skills:
 - Level 2.0 Dodging
 - Level 3.3 Stealth
 + Level 2.9 Shields
 + Level 3.8 Spellcasting
 + Level 5.3 Conjurations


You had 9 spell levels left.
You knew the following spells:

 Your Spells              Type           Power        Failure   Level
a - Magic Dart            Conj           100%         1%          1
b - Searing Ray           Conj           54%          1%          2

Your spell library contained the following spells:

 Spells                   Type           Power        Failure   Level
 Corona                   Hex            4%           13%         1
 Dazzling Flash           Conj/Hex       32%          13%         3
 Ensorcelled Hibernation  Hex/Ice        8%           19%         2
 Confusing Touch          Hex            4%           36%         3
 Tukima's Dance           Hex            4%           36%         3
 Fulminant Prism          Conj/Hex       8%           38%         4
 Iskenderun's Mystic Bla  Conj/Tloc      16%          38%         4


Dungeon Overview and Level Annotations

Branches:
Dungeon (4/15)
 Temple: D:4-7

Altars:
Fedhas


Innate Abilities, Weirdness & Mutations

You cannot wear most types of armour.
You are very stealthy in the water. (Stealth+)
You are amphibious.
You can wear up to eight rings at the same time.
You can use your tentacles to constrict eight enemies at once.
Your skin changes colour to match your surroundings (Stealth+).
Your rubbery body absorbs attacks. (AC +1, EV +1)


Message History

You constrict the orc wizard, but do no damage.
The orc wizard hits you but does no damage.
You puncture the orc wizard!
You kill the orc wizard!
The orc priest calls down the wrath of Beogh upon you.
Pain shoots through your body!
* * * LOW HITPOINT WARNING * * *
The orc priest looks encouraged for a moment.
Things that are here:
a +0 dagger; a +0 robe; an orc corpse You puncture the orc priest!
You grab the orc priest.
The orc priest is almost dead.
You constrict the orc priest, but do no damage.
You block the orc priest's attack. The orc priest barely misses you.
You hit the orc priest but do no damage.
The orc priest is almost dead.
You constrict the orc priest, but do no damage.
The orc priest mumbles some strange prayers to Beogh against you.
Pain shoots through your body!
You die...

#.# ##..... #.# ##.### #. #.# #.#
###.## #.# #.# #..... #.# ##'##
#.....## #.# ##...## #......#
#.#### ##.....# #......# #.##.##
##.......
##......######@#...####........
.............oo.......'........
####..>##.###.##.#...####........
#.........# #.##(##.######.......
#.###.###o# #.##........###.....#
#.# #...o.# #.##.######.# ##...##
#.# #o###.# #.##.#### #.# #+##
#.# #.###.###.##....# #.# #.#
#.###o........##.##.# #.# #.#


You could see 2 orc priests.

Vanquished Creatures
  2 orc priests (D:4)
  2 orc wizards (D:4)
  A worker ant (D:3)
  Robin (D:3)
  3 adders
  3 gnolls (D:2)
  2 worms
  3 dart slugs
  7 leopard geckos
  3 orcs
  13 bats
  3 giant cockroaches
  9 hobgoblins
  3 kobolds (D:2)
  A quokka (D:2)
  3 frilled lizards
  14 goblins
  4 rats
77 creatures vanquished.

Notes
Turn   | Place    | Note
-------+----------+-------------------------------------------
     0 | D:1      | Qrupt the Octopode Conjurer began the quest for the Orb.
     0 | D:1      | Reached XP level 1. HP: 11/11 MP: 3/3
   193 | D:1      | Reached XP level 2. HP: 17/17 MP: 3/5
  1097 | D:1      | Reached XP level 3. HP: 21/21 MP: 4/6
  1402 | D:1      | Learned a level 2 spell: Searing Ray
  1587 | D:2      | Reached skill level 1 in Shields
  1694 | D:2      | Reached XP level 4. HP: 27/27 MP: 4/8
  2744 | D:3      | Reached XP level 5. HP: 31/31 MP: 5/9
  2923 | D:3      | Identified the +2 helmet of the Minstrel {rPois rF- SInv}
  2923 | D:3      | Noticed Robin
  3028 | D:3      | Killed Robin
  3133 | D:3      | Found a blossoming altar of Fedhas.
  3444 | D:3      | Reached skill level 5 in Conjurations
  3665 | D:4      | Reached XP level 6. HP: 27/36 MP: 4/11
  3980 | D:4      | Killed from afar by an orc priest

Illustrated notes

Levels and vault maps discovered:
D:1:      enne_arrival_octagon_isle, layout_loops_corners, serial_bayou_pond_e,
          hex_medium
D:2:      layout_basic
D:3:      layout_basic, minivault_4, fedhas_ov_isle_minmay, uniq_robin
D:4:      layout_loops_corners, minmay_temple_entry_overgrown,
          hangedman_abyss_or_decor_lesser_grid

Skill      XL: |  1  2  3  4  5 |
---------------+----------------+-----
Stealth        | 3 |  3.3
Shields        | 1 2 |  2.9
Spellcasting   | 3 |  3.8
Conjurations   | 5 |  5.3
Dodging        | |  2.0

Action                   |  1- 3 |  4- 6 || total
-------------------------+-------+-------++-------
Melee: Short sword       |     7 |    20 ||    27
       Constrict         |     3 |     6 ||     9
       Tentacles         |     1 |     4 ||     5
 Cast: Magic Dart        |    52 |   105 ||   157
       Searing Ray       |     2 |     2 ||     4
  Use: Potion            |       |     3 ||     3
       Scroll            |       |     1 ||     1
 Stab: Sleeping          |       |     3 ||     3
Armor: Skin              |     2 |     3 ||     5
Dodge: Dodged            |     6 |    27 ||    33
Block: Buckler           |     1 |    21 ||    22
